 Dungeon Crawl Stone Soup version 0.24.0-123-gd5b16e6ec5 (webtiles) character file.

Game seed: 9830499798012336317, levelgen mode: deterministic

3794 Peloso the Carver (level 9, 0/75 HPs)
             Began as a Minotaur Fighter on Feb 10, 2020.
             Killed by divine providence
             ... invoked by an orc priest
              (14 damage)
             ... on level 8 of the Dungeon.
             The game lasted 00:12:07 (5737 turns).

Peloso the Carver (Minotaur Fighter)                Turns: 5737, Time: 00:12:08

Health: 0/75       AC: 15    Str: 22    XL:     9   Next: 96%
Magic:  8/8        EV: 13    Int:  4    God:
Gold:   297        SH: 12    Dex: 12    Spells: 8/8 levels left

rFire    + . .     SeeInvis +   a - +1 falchion (holy)
rCold    . . .     Gourm    .   c - +0 shield
rNeg     + . .     Faith    .   H - +0 chain mail "Tusyiguz" {rF+}
rPois    +         Spirit   .   I - +0 mask of the Dragon {MR+ Slay+3 SInv}
rElec    .         Reflect  .   B - +2 ratskin cloak {+Rats rPois rN+ Str-1 Int-1 Dex+1}
rCorr    .         Harm     .   (no gloves)
MR       +....                  y - +0 pair of boots
Stlth    ..........             (no amulet)
HPRegen  0.22/turn              k - +4 ring of evasion
MPRegen  0.11/turn              n - ring of poison resistance

@: no status effects
A: retaliatory headbutt, horns 2
a: Evoke Ratskin


You were on level 8 of the Dungeon.
You were very hungry.

You visited 2 branches of the dungeon, and saw 9 of its levels.

You collected 412 gold pieces.
You spent 115 gold pieces at shops.

Inventory:

Hand Weapons
 a - a +1 falchion of holy wrath (weapon)
Armour
 b - a +0 scale mail
 c - a +0 shield (worn)
 y - a +0 pair of boots (worn)
 B - the +2 ratskin cloak (worn) {+Rats rPois rN+ Str-1 Int-1 Dex+1}
   (You found it on level 6 of the Dungeon)

   It affects your strength (-1).
   It affects your intelligence (-1).
   It affects your dexterity (+1).
   It protects you from poison.
   It protects you from negative energy.
 F - a +0 chain mail
 H - the +0 chain mail "Tusyiguz" (worn) {rF+}
   (You found it on level 7 of the Dungeon)

   It protects you from fire.
 I - the +0 mask of the Dragon (worn) {MR+ Slay+3 SInv}
   (You found it on level 7 of the Dungeon)

   It affects your accuracy and damage with ranged weapons and melee attacks
   (+3).
   It affects your resistance to hostile enchantments.
   It lets you see invisible.
Jewellery
 k - a +4 ring of evasion (left hand)
 m - an uncursed ring of resist corrosion
 n - a ring of poison resistance (right hand)
 A - the amulet of Omerphua {Harm *Drain +Inv rC+ MR+ Int-4}
   (You found it on level 6 of the Dungeon)

   [amulet of harm]

   It increases damage dealt and taken.
   It affects your intelligence (-4).
   It protects you from cold.
   It affects your resistance to hostile enchantments.
   It lets you turn invisible.
   It causes draining when unequipped.
 D - an uncursed ring of fire {unknown}
Wands
 j - a wand of acid (6)
 w - a wand of digging (4)
Scrolls
 e - 5 scrolls of remove curse
 i - 4 scrolls of teleportation
 o - a scroll of immolation {unknown}
 p - 2 scrolls of enchant weapon
 q - 5 scrolls of blinking {unknown}
 s - 3 scrolls of fear {unknown}
 t - a scroll of fog {unknown}
 u - 2 scrolls of random uselessness {unknown}
 v - a scroll of amnesia {unknown}
 x - 2 scrolls of enchant armour {unknown}
 z - a scroll of noise
 C - 3 scrolls of identify
 E - a scroll of magic mapping {unknown}
Potions
 d - a potion of might
 g - 2 potions of flight
 h - 2 potions of invisibility
 l - a potion of agility
 r - 5 potions of curing
 G - a potion of heal wounds
 K - a potion of brilliance {unknown}
 L - a potion of mutation {unknown}
Comestibles
 f - 6 rations


   Skills:
 + Level 6.3 Fighting
 + Level 10.1 Long Blades
 + Level 8.4 Armour
 + Level 5.3 Dodging
 + Level 1.0 Stealth
 + Level 9.3 Shields
 + Level 0.1 Evocations


You had 8 spell levels left.
You didn't know any spells.
Your spell library was empty.

Dungeon Overview and Level Annotations

Branches:
Dungeon (8/15)             Temple (1/1) D:5
   Lair: D:8-11

Altars:
Ashenzari
Cheibriados
Dithmenos
Fedhas
Gozag
Hepliaklqana
Makhleb
Nemelex Xobeh
Qazlal
Ru
Sif Muna
Trog
Uskayaw
Vehumet
Wu Jian
Yredelemnul
Zin
The Shining One

Shops:
D:4 *   D:6 (?%:


Innate Abilities, Weirdness & Mutations

You reflexively headbutt those who attack you in melee.
You have a pair of horns on your head.


Message History

The gnoll closely misses you. The gnoll hits you but does no damage.
The orc priest shouts!
You slash the gnoll! You headbutt the gnoll.
You kill the gnoll!
The orc priest invokes the aid of Beogh against you.
Beogh smites you!
* * * LOW HITPOINT WARNING * * *
The gnoll barely misses you.
The orc priest miscasts a cantrip.
An orc comes into view. It is wielding a +0 war axe.
Things that are here:
a +0 mace; a +0 leather armour; an orc corpse The orc shouts!
You slash the gnoll! Your headbutt misses the gnoll.
The gnoll is heavily wounded.
The gnoll closely misses you. You furiously retaliate!
You headbutt the gnoll!
You kill the gnoll!
The orc priest mumbles some strange prayers to Beogh against you.
Beogh smites you!
You die...

...........(..
..............o...
.... .........o...
..... ..#.........
.....##...>.......
..................
.........)...?.#
#....))).....#..
#.....).@.......
#.....)..>[......
#.###...###......#
#..... .....##
#..... .....#
#...... ##.....
....#..# #....
......## #.#.


You could see an orc priest and an orc.

Vanquished Creatures
  A two-headed ogre (D:7)
  Prince Ribbit (D:6)
  Sigmund (D:5)
  3 ice beasts
  An orc warrior (D:6)
  3 sky beasts (D:7)
  4 ogres
  4 centaurs
  2 bullfrogs (D:6)
  A gnoll sergeant (D:8)
  2 scorpions
  A howler monkey (D:4)
  4 crimson imps
  A bullfrog zombie (D:6)
  5 hounds
  2 orc priests
  Crazy Yiuf (D:6)
  A centaur skeleton (D:4)
  Natasha (D:2)
  6 orc wizards
  7 worker ants
  A hell rat (D:6)
  A hound zombie (D:5)
  A worker ant zombie (D:6)
  8 gnolls
  9 adders
  6 river rats (D:6)
  A shadow imp (D:6)
  2 oozes
  An adder skeleton (D:7)
  A worm (D:3)
  2 dart slugs (D:1)
  7 leopard geckos
  23 orcs
  6 bats
  4 giant cockroaches
  5 goblins
  9 hobgoblins
  8 jackals
  A quokka (D:6)
  8 frilled lizards
  A jackal skeleton (D:5)
  4 kobolds
  21 rats
182 creatures vanquished.

Notes
Turn   | Place    | Note
-------+----------+-------------------------------------------
     0 | D:1      | Peloso the Minotaur Fighter began the quest for the Orb.
     0 | D:1      | Reached XP level 1. HP: 19/19 MP: 0/0
   209 | D:1      | Reached XP level 2. HP: 27/27 MP: 1/1
   597 | D:1      | Reached XP level 3. HP: 18/33 MP: 2/2
   785 | D:2      | Found a hazy altar of Hepliaklqana.
   982 | D:2      | Reached skill level 3 in Long Blades
  1194 | D:3      | Noticed Natasha
  1202 | D:2      | Killed Natasha
  1202 | D:2      | Reached XP level 4. HP: 34/40 MP: 3/3
  1313 | D:3      | Reached skill level 5 in Shields
  1465 | D:3      | Reached XP level 5. HP: 40/46 MP: 4/4
  1733 | D:4      | Reached skill level 1 in Dodging
  1744 | D:4      | Reached skill level 4 in Long Blades
  1744 | D:4      | Reached skill level 5 in Armour
  1747 | D:4      | Reached XP level 6. HP: 27/53 MP: 5/5
  1806 | D:4      | Found a shadowy altar of Dithmenos.
  2036 | D:4      | Found Meph's Assorted Antiques.
  2075 | D:4      | Reached skill level 5 in Long Blades
  2075 | D:4      | Reached XP level 7. HP: 51/60 MP: 6/6
  2444 | D:5      | Entered Level 5 of the Dungeon
  2444 | D:5      | Found a staircase to the Ecumenical Temple.
  2485 | Temple   | Entered the Ecumenical Temple
  2692 | D:5      | Reached skill level 6 in Long Blades
  2761 | D:4      | Reached skill level 5 in Fighting
  2888 | D:5      | Noticed Sigmund
  2902 | D:4      | Reached XP level 8. HP: 57/68 MP: 7/7
  2969 | D:5      | Killed Sigmund
  2969 | D:5      | Reached skill level 7 in Long Blades
  3051 | D:5      | Found a glowing golden altar of the Shining One.
  3055 | D:5      | Found an opulent altar of Gozag.
  3060 | D:5      | Found a basalt altar of Yredelemnul.
  3478 | D:6      | Noticed Prince Ribbit
  3596 | D:6      | Got a transparent diamond amulet
  3703 | D:6      | Found Oghonkah's Food Shop.
  3723 | D:6      | Found Oshedi's Magic Scroll Boutique.
  3731 | D:6      | Bought a scroll of teleportation for 30 gold pieces
  3731 | D:6      | Bought a scroll of enchant weapon for 75 gold pieces
  3731 | D:6      | Bought a scroll of noise for 10 gold pieces
  3829 | D:6      | Found a blossoming altar of Fedhas.
  3879 | D:6      | Killed Prince Ribbit
  3879 | D:6      | Reached skill level 8 in Long Blades
  3931 | D:6      | Found Olaw's Weapon Boutique.
  4055 | D:6      | Found Omuycw's Book Shoppe.
  4063 | D:6      | Reached XP level 9. HP: 67/75 MP: 8/8
  4207 | D:6      | Found the +2 ratskin cloak {+Rats rPois rN+ Str-1 Int-1
                  | Dex+1}
  4245 | D:6      | Identified the amulet of Omerphua {Harm *Drain +Inv rC+ MR+
                  | Int-4} (You found it on level 6 of the Dungeon)
  4350 | D:6      | Reached skill level 9 in Long Blades
  4620 | D:6      | Found a runed translucent door.
  4621 | D:6      | Noticed Crazy Yiuf
  4638 | D:6      | Killed Crazy Yiuf
  5002 | D:7      | Found the +0 mask of the Dragon {MR+ Slay+3 SInv}
  5002 | D:7      | Got a smoking chain mail
  5024 | D:7      | Identified the +0 chain mail "Tusyiguz" {rF+} (You found it
                  | on level 7 of the Dungeon)
  5281 | D:7      | Found a burning altar of Makhleb.
  5495 | D:7      | Noticed a two-headed ogre
  5506 | D:7      | Killed a two-headed ogre
  5506 | D:7      | Reached skill level 10 in Long Blades
  5506 | D:7      | Reached skill level 5 in Dodging
  5506 | D:7      | Reached skill level 1 in Stealth
  5737 | D:8      | Killed from afar by an orc priest

Levels and vault maps discovered:
D:1:      lemuel_arrival_tunnels, layout_loops_corners
D:2:      layout_rooms, old_standard_altar, mrwooster_statue_mirror,
          grunt_decor_cap, chequers_serial_rivers_large_b
D:3:      layout_rooms, uniq_natasha
D:4:      layout_loops_ring, serial_shops, shop_statue, st_stairs_1,
          grunt_ministairs_15, nicolae_dithmenos_shadow_blocks
D:5:      layout_cave_pools, minmay_overflow_temple_star_quad,
          minmay_temple_entry_overgrown, first_ration, uniq_sigmund
D:6:      wander_guarded_unrand_ratskin, layout_basic,
          fedhas_bush_and_centaur_altar, serial_shops, shop, kennysheep_mini,
          shop_statue, shop_fountains, uniq_crazy_yiuf_cottage,
          uniq_prince_ribbit1
D:7:      layout_loops_cross, old_standard_altar, grunt_ministairs_6
D:8:      layout_cave_pools, grunt_temple_overflow_open, elyvilon_altar_4,
          nicolae_overflow_crystal_walls
Temple:   nicolae_temple_hex_pool

Skill      XL: |  1  2  3  4  5  6  7  8  9 |
---------------+----------------------------+-----
Shields        | 4 5 6 8 9 |  9.3
Armour         | 4 5 6 8 |  8.4
Long Blades    | 3 4 5 6 8 10 | 10.1
Fighting       | 4 5 6 |  6.3
Dodging        | 1 2 3 4 5 |  5.3
Stealth        | 1 |  1.0
Evocations     | |  0.1

Action                   |  1- 3 |  4- 6 |  7- 9 || total
-------------------------+-------+-------+-------++-------
Melee: Long sword        |    66 |   112 |    49 ||   227
       Headbutt          |    14 |    25 |    74 ||   113
       Falchion          |       |       |   316 ||   316
Evoke: Wand              |       |       |     2 ||     2
  Use: Scroll            |       |     5 |       ||     5
       Potion            |       |     1 |       ||     1
  Eat: Chunk             |       |     4 |    11 ||    15
Armor: Scale mail        |    30 |    40 |    62 ||   132
       Chain mail        |       |       |    44 ||    44
Dodge: Dodged            |    36 |    61 |   184 ||   281
Block: Shield            |    60 |    59 |   217 ||   336
       Rpst.: Long sword |    13 |    14 |     7 ||    34
       Falchion          |       |       |    30 ||    30
